 Dungeon Crawl Stone Soup version 0.24.0-13-gcf9b3192b9 (webtiles) character file.

Game seed: 11466464375787569438, levelgen mode: deterministic

71 losten the Slasher (level 4, -4/35 HPs)
             Began as a Demonspawn Berserker on Nov 10, 2019.
             Was a Believer of Trog.
             Slain by Sigmund
             ... wielding a +0 scythe
              (9 damage)
             ... on level 2 of the Dungeon.
             The game lasted 00:02:51 (1688 turns).

losten the Slasher (Demonspawn Berserker)           Turns: 1688, Time: 00:02:52

Health: -4/35      AC:  5    Str: 23    XL:     4   Next: 5%
Magic:  4/4        EV: 12    Int:  9    God:    Trog [**....]
Gold:   29         SH:  0    Dex: 12    Spells: 3/3 levels left

rFire    . . .     SeeInvis .   a - +0 falchion
rCold    . . .     Gourm    .   (no shield)
rNeg     . . .     Faith    .   b - +0 animal skin
rPois    .         Spirit   .   (no helmet)
rElec    .         Reflect  .   (no cloak)
rCorr    .         Harm     .   (no gloves)
MR       ++...                  (no boots)
Stlth    +.........             (no amulet)
HPRegen  1.11/turn              (no ring)
MPRegen  0.09/turn              (no ring)

@: mighty, berserk cooldown, regenerating, slowed, very slow
A: yellow scales 2, demonic guardian 1
a: Berserk, Trog's Hand, Renounce Religion


You were on level 2 of the Dungeon.
You worshipped Trog.
Trog was pleased with you.
You were not hungry.

You visited 1 branch of the dungeon, and saw 2 of its levels.

You collected 29 gold pieces.

Inventory:

Hand Weapons
 a - a +0 falchion (weapon)
Armour
 b - a +0 animal skin (worn)
Jewellery
 g - an uncursed ring of resist corrosion {unknown}
Scrolls
 d - a scroll of fog {unknown}
 e - a scroll of random uselessness {unknown}
 f - 3 scrolls of identify {unknown}
 h - a scroll of amnesia {unknown}
 k - a scroll of enchant weapon {unknown}
Comestibles
 c - a ration


   Skills:
 + Level 3.5 Fighting
 + Level 3.8 Long Blades
 + Level 2.0 Armour
 + Level 2.0 Dodging


You had 3 spell levels left.
You didn't know any spells.
Your spell library was empty.

Dungeon Overview and Level Annotations

Branches:
Dungeon (2/15)

Altars:

Annotations:
D:2 Sigmund


Innate Abilities, Weirdness & Mutations

You are mostly covered in yellow scales. (AC +3)
A weak demonic guardian rushes to your aid.


Message History

Your quasit claws the hobgoblin but does no damage.
Your quasit misses the hobgoblin.
You feel a strong urge to attack something.
The hobgoblin misses your quasit.
Your quasit bites the hobgoblin.
The hobgoblin dies!
Trog accepts your kill. Something hits you!
* * * LOW HITPOINT WARNING * * *
You feel your anger nearly subside.
You are no longer berserk.
You are exhausted.
You feel yourself slow down.
You eat one of the 2 rations.
That ration really hit the spot!
Something hits you!
* * * LOW HITPOINT WARNING * * *
Your shadow imp disappears in a puff of smoke!
Your quasit disappears in a puff of smoke!
It was a potion of might.
You feel very mighty all of a sudden. Something hits you!
You die...

.........(...
#..g......# .<..
#.........##...##
#...............
#)#####...#
#.#.......# #
#.#...#.#.#.#.. ..
#.#.........#.##.
#)#@..÷.........
#..§.#.###.....
#.§...........# #
#..).#)#....#.####≈#
#....#.#.##...#...≈#
#.####............≈#
##.######.###..#.#..+
#.............>#.# #
##......##.####.#..
§#


There were no monsters in sight!

Vanquished Creatures
  3 adders (D:2)
  A worm (D:2)
  A dart slug (D:1)
  2 leopard geckos (D:1)
  A ball python (D:1)
  3 bats (D:1)
  4 giant cockroaches
  7 hobgoblins
  2 jackals (D:1)
  2 kobolds
  5 frilled lizards
  2 goblins
  2 rats (D:2)
35 creatures vanquished.

Vanquished Creatures (collateral kills)
  A goblin (D:2)
  A hobgoblin (D:2)
2 creatures vanquished.

Grand Total: 37 creatures vanquished

Notes
Turn   | Place    | Note
-------+----------+-------------------------------------------
     0 | D:1      | losten the Demonspawn Berserker began the quest for the
                  | Orb.
     0 | D:1      | Reached XP level 1. HP: 18/18 MP: 1/1
    87 | D:1      | Gained mutation: You are partially covered in yellow
                  | scales. (AC +2) [demonic ancestry]
    87 | D:1      | Reached XP level 2. HP: 12/24 MP: 2/2
   801 | D:1      | Gained mutation: A weak demonic guardian rushes to your
                  | aid. [demonic ancestry]
   801 | D:1      | Reached XP level 3. HP: 26/29 MP: 3/3
  1313 | D:2      | Reached ** piety under Trog
  1661 | D:2      | Gained mutation: You are mostly covered in yellow scales.
                  | (AC +3) [demonic ancestry]
  1661 | D:2      | Reached XP level 4. HP: 30/35 MP: 4/4
  1664 | D:2      | Noticed Sigmund
  1688 | D:2      | Slain by Sigmund

Levels and vault maps discovered:
D:1:      saegor_arrival_simple_e, layout_loops_cross,
          chequers_serial_rivers_marsh
D:2:      layout_basic, lightli_temple_of_fire, uniq_sigmund

Skill      XL: |  1  2  3 |
---------------+----------+-----
Long Blades    | 3 |  3.8
Armour         | 2 |  2.0
Dodging        | 2 |  2.0
Fighting       | |  3.5

Action                   |  1- 3 |  4- 6 || total
-------------------------+-------+-------++-------
Melee: Falchion          |   134 |     1 ||   135
Invok: Berserk           |       |     1 ||     1
       Trog's Hand       |       |     1 ||     1
  Use: Potion            |       |     1 ||     1
  Eat: Chunk             |     2 |       ||     2
       Ration            |       |     1 ||     1
Armor: Animal skin       |    39 |     1 ||    40
Dodge: Dodged            |    99 |     1 ||   100
       Rpst.: Falchion   |    21 |       ||    21
